 Dungeon Crawl Stone Soup version 0.19.1-1-g22dce08 (webtiles) character file.

53 Macro the Shield-Bearer (level 4, -1/33 HPs)
             Began as a Halfling Fighter on Jan 16, 2017.
             Was an Initiate of Dithmenos.
             Killed by divine providence
             ... invoked by an orc priest
              (12 damage)
             ... on level 6 of the Dungeon.
             The game lasted 00:08:48 (1294 turns).

Macro the Shield-Bearer (Halfling Fighter)          Turns: 1294, Time: 00:08:49

Health: -1/33      AC: 16    Str: 18    XL:     4   Next: 11%
Magic:  4/4        EV:  7    Int:  6    God:    Dithmenos [......]
Gold:   149        SH: 10    Dex: 13    Spells: 0 memorised, 3 levels left

rFire  . . .     SeeInvis .     h - +1 dagger (protect)
rCold  . . .     Gourm    .     k - +0 chain mail
rNeg   . . .     Faith    .     c - +0 shield
rPois  .         Spirit   .     (no helmet)
rElec  .         Reflect  .     (no cloak)
rCorr  .         Harm     .     (no gloves)
MR     .....                    (no boots)
Stlth  ..........               (no amulet)
                                (no ring)
                                (no ring)

@: protection aura
A: mutation resistance 1, robust 1, MP-powered wands
a: Renounce Religion


You were on level 6 of the Dungeon.
You worshipped Dithmenos.
Dithmenos was noncommittal.
You were hungry.

You visited 1 branch of the dungeon, and saw 4 of its levels.

You collected 149 gold pieces.

Inventory:

Hand Weapons
 h - a +1 dagger of protection (weapon)
Missiles
 b - 27 bolts
Armour
 c - a +0 shield (worn)
 k - a +0 chain mail (worn)
 l - a +0 leather armour
Scrolls
 a - 4 scrolls of identify {unknown}
 g - 2 scrolls of teleportation {unknown}
 i - 2 scrolls of fog {unknown}
 n - a scroll of remove curse {unknown}
 o - a scroll of holy word {unknown}
 p - a scroll of recharging {unknown}
Potions
 d - a potion of might
 e - a potion of heal wounds
 j - 4 potions of curing {unknown}
Comestibles
 f - a bread ration
 m - a slice of pizza
 q - a meat ration


   Skills:
 + Level 2.9 Fighting
 + Level 3.3 Short Blades
 + Level 3.7 Armour
 + Level 0.7 Dodging
 + Level 4.0 Shields


You had 3 spell levels left.
You didn't know any spells.

Dungeon Overview and Level Annotations

Branches:
Dungeon (3/15)

Altars:
Dithmenos


Innate Abilities, Weirdness & Mutations

You are small and have problems with some larger weapons.
You are somewhat resistant to further mutation.
You are robust. (+10% HP)
You expend magic power (3 MP) to strengthen your wands.


Message History

You hit the orc wizard.
The orc wizard is lightly wounded.
The orc wizard hits you but does no damage.
You hit the orc wizard.
The orc wizard is moderately wounded.
You block the orc wizard's attack.
You hit the orc wizard.
The orc wizard is heavily wounded.
The orc wizard gestures wildly while chanting.
The orc wizard seems to speed up.
You completely miss the orc wizard.
The orc wizard is heavily wounded.
The orc wizard points at you and mumbles some strange words.
The magic dart hits you!
You hit the orc wizard.
The orc wizard is heavily wounded.
The orc wizard barely misses you.
The orc priest mumbles some strange prayers to Beogh against you.
Beogh smites you!
You die...

###########
#oo!.o.....
#o######### #@#..
#.#.# #.#.# #.#.#
#.#.# #.#.# #
##########.#.######.
.#
...........#........
.#
...##....##.########.#


You could see an orc priest, an orc wizard and an orc.

Vanquished Creatures
  A leopard gecko (D:2)
  A giant cockroach (D:2)
  4 goblins (D:1)
  3 hobgoblins
  8 jackals
  2 quokkas
  A ball python (D:1)
  5 bats
  10 frilled lizards
  8 kobolds
  9 rats
52 creatures vanquished.

Notes
Turn   | Place    | Note
-------+----------+-------------------------------------------
     0 | D:1      | Macro the Halfling Fighter began the quest for the Orb.
     0 | D:1      | Reached XP level 1. HP: 15/15 MP: 1/1
    96 | D:1      | Reached XP level 2. HP: 17/20 MP: 2/2
   119 | D:1      | Gained mutation: You expend magic power (3 MP) to strengthen your wands. [potion of mutation]
   119 | D:1      | Gained mutation: You are robust. (+10% HP) [potion of mutation]
   303 | D:1      | Reached XP level 3. HP: 19/27 MP: 3/3
   777 | D:2      | Reached skill level 4 in Shields
   921 | D:2      | Reached XP level 4. HP: 33/33 MP: 4/4
  1211 | D:3      | You fall through a shaft for 3 floors!
  1211 | D:6      | Found a shadowy altar of Dithmenos.
  1230 | D:6      | Became a worshipper of Dithmenos the Shadowed
  1294 | D:6      | Killed from afar by an orc priest

Skill      XL: |  1  2  3 |
---------------+----------+-----
Short Blades   | 3 |  3.3
Shields        | 4 |  4.0
Fighting       | |  2.9
Armour         | |  3.7
Dodging        | |  0.7

Action                   |  1- 3 |  4- 6 || total
-------------------------+-------+-------++-------
Melee: Rapier            |    74 |       ||    74
       Dagger            |    79 |    46 ||   125
  Use: Potion            |     3 |       ||     3
  Eat: Chunk             |       |     1 ||     1
Armor: Scale mail        |    83 |       ||    83
       Chain mail        |    13 |    11 ||    24
Dodge: Dodged            |    63 |     4 ||    67
Block: Shield            |    71 |    17 ||    88
